 Dungeon Crawl Stone Soup version 0.20.1-1-g8b1a95d (webtiles) character file.

692 Irenicus the Insei (level 7, -4/46 HPs)
             Began as an Octopode Chaos Knight on Oct 13, 2017.
             Engulfed by a cloud of freezing vapour (6 damage)
             ... on level 5 of the Dungeon.
             The game lasted 00:10:18 (4458 turns).

Irenicus the Insei (Octopode Chaos Knight)          Turns: 4458, Time: 00:10:19

Health: -4/46      AC:  1    Str: 12    XL:     7   Next: 63%
Magic:  7/7        EV: 13    Int: 14    God:    Xom [.*....]
Gold:   205        SH:  0    Dex: 13    Spells: 6/6 levels left

rFire    . . .     SeeInvis .     - Unarmed
rCold    + . .     Gourm    .   (no shield)
rNeg     . . .     Faith    .   (helmet restricted)
rPois    .         Spirit   .   (no amulet)
rElec    .         Reflect  .   g - ring of stealth
rCorr    .         Harm     .   o - ring of protection from cold
MR       .....                  (no ring)
Stlth    +++++.....             (no ring)
Regen    0.2/turn               (no ring)
MPRegen  0.1/turn               (no ring)
                                (no ring)
                                (no ring)

@: hasted, very quick
A: almost no armour, stealthy swim, amphibious, 8 rings, constrict 8, camouflage
1, gelatinous body 1
a: Renounce Religion


You were on level 5 of the Dungeon.
You worshipped Xom.
You were a plaything of Xom.
You were very hungry.

You visited 1 branch of the dungeon, and saw 5 of its levels.
You also visited: Sewer.

You collected 205 gold pieces.

Inventory:

Jewellery
 g - a ring of stealth (left tentacle)
 o - a ring of protection from cold (right tentacle)
Scrolls
 b - a scroll of vulnerability {unknown}
 f - 3 scrolls of amnesia
 j - a scroll of fear
 m - a scroll of enchant weapon
 n - 2 scrolls of remove curse {unknown}
 q - 3 scrolls of teleportation
Potions
 d - a potion of heal wounds {unknown}
 e - a potion of brilliance {unknown}
 h - a potion of magic {unknown}
 i - a potion of mutation {unknown}
 k - 2 potions of haste
 l - 4 potions of flight
 s - a potion of resistance {unknown}
Comestibles
 a - 4 bread rations
 c - 5 royal jellies
 p - a meat ration
 r - 2 fruits


   Skills:
 - Level 3.0 Fighting
 - Level 2.3 Dodging
 - Level 5.0 Stealth
 + Level 7.9 Unarmed Combat


You had 6 spell levels left.
You didn't know any spells.

Dungeon Overview and Level Annotations

Branches:
Dungeon (5/15)             Temple (0/1) D:4

Altars:
Makhleb


Innate Abilities, Weirdness & Mutations

You cannot wear most types of armour.
You are very stealthy in the water. (Stealth+)
You are amphibious.
You can wear up to eight rings at the same time.
You can use your tentacles to constrict eight enemies at once.
Your skin changes colour to match your surroundings (Stealth+).
Your rubbery body absorbs attacks. (AC +1, EV +1)


Message History

There is a stone staircase leading down here.
You climb downwards.
Found a scroll of teleportation.
There is a stone staircase leading up here.
q - 3 scrolls of teleportation (gained 1)
Found 19 stones.
You are feeling very hungry.
Found 21 arrows, 6 gold pieces and a ring mail.
Found an escape hatch in the ceiling.
Found 17 stones and a scroll labeled PIBBIG FEXUM.
You open the door.
There is an open door here.
You are engulfed in freezing vapours.
You resist.
You are engulfed in freezing vapours.
You resist.
You are engulfed in freezing vapours.
You resist.
You are engulfed in freezing vapours.
You resist.
* * * LOW HITPOINT WARNING * * *
It was a potion of haste.
You feel yourself speed up.
You are engulfed in freezing vapours.
You resist.
You die...

........# .#
........# .#
....<...## .#
....#######.#
....#[#.8#..#
##$#.'..#
##(#.8.(#
##(#§##.#
##?#@##.#
##§#§##.#
##§#§##.#
##§#§##.#
##§#§##.##########
##§#§##..........#
##§#§###.........#
##§#§###.........#
##§#§###.........#


There were no monsters in sight!

Vanquished Creatures
  Grinder (D:3)
  An orc wizard (D:4)
  Jessica (D:3)
  An iguana (D:4)
  2 merfolk sirens (Sewer)
  A worker ant (D:4)
  A merfolk avatar (Sewer)
  6 adders
  4 river rats
  3 worms
  A dart slug (D:1)
  6 leopard geckos
  16 orcs
  6 ball pythons
  5 bats
  5 giant cockroaches
  4 goblins
  6 hobgoblins
  2 jackals (D:3)
  4 kobolds
  2 quokkas (D:3)
  7 frilled lizards
  24 rats
109 creatures vanquished.

Vanquished Creatures (collateral kills)
  An ogre (D:4)
  A hound (D:4)
  Crazy Yiuf (D:3)
3 creatures vanquished.

Grand Total: 112 creatures vanquished

Notes
Turn   | Place    | Note
-------+----------+-------------------------------------------
     0 | D:1      | Irenicus the Octopode Chaos Knight began the quest for the Orb.
     0 | D:1      | Reached XP level 1. HP: 16/16 MP: 1/1
   243 | D:1      | Reached XP level 2. HP: 18/21 MP: 2/2
   664 | D:1      | Reached skill level 4 in Unarmed Combat
   747 | D:2      | XOM: divination: detect creatures
   759 | D:2      | Reached XP level 3. HP: 26/26 MP: 3/3
  1456 | D:2      | Reached skill level 1 in Stealth
  1510 | D:2      | XOM is BORED!
  1510 | D:2      | XOM: noise
  1696 | D:3      | Reached XP level 4. HP: 31/31 MP: 4/4
  1880 | D:3      | Noticed Grinder
  1897 | D:3      | XOM: mild Tloc miscast
  1902 | D:3      | Noticed Jessica
  1913 | D:3      | Killed Jessica
  1927 | D:3      | XOM: butterfly on damage
  1928 | D:3      | Reached skill level 5 in Unarmed Combat
  1964 | D:3      | XOM: potion effect (brilliance)
  1967 | D:3      | XOM: divination: magic mapping
  1976 | D:3      | Killed Grinder
  1976 | D:3      | Reached skill level 5 in Stealth
  1976 | D:3      | Reached XP level 5. HP: 24/36 MP: 5/5
  1976 | D:3      | Reached XP level 6. HP: 28/42 MP: 6/6
  2038 | D:3      | XOM: harmless Tloc miscast
  2042 | D:3      | XOM: mild Chrm miscast
  2056 | D:3      | XOM: mild Fire miscast
  2087 | D:3      | Found a runed door.
  2091 | D:3      | Noticed Crazy Yiuf
  2094 | D:3      | XOM: cast spell 'Olgreb's Toxic Radiance'
  2096 | D:3      | Killed Crazy Yiuf
  2096 | D:3      | Reached skill level 6 in Unarmed Combat
  2206 | D:3      | XOM: silly message
  2452 | D:4      | Found a staircase to the Ecumenical Temple.
  2662 | D:4      | Found a glowing drain.
  2669 | D:4      | XOM: noise
  2671 | Sewer    | Entered a sewer
  2835 | Sewer    | XOM: butterfly on damage
  2840 | Sewer    | Reached XP level 7. HP: 31/46 MP: 7/7
  3075 | Sewer    | Reached skill level 7 in Unarmed Combat
  3237 | Sewer    | XOM: silly message
  3412 | D:4      | XOM: confuse monster(s)
  3420 | D:4      | XOM: summons 5 friendly demons
  3632 | D:4      | XOM: 2-stop teleportation journey
  4028 | D:4      | Found a burning altar of Makhleb.
  4430 | D:5      | Entered Level 5 of the Dungeon
  4457 | D:5      | HP: 2/46 [something (14)]
  4458 | D:5      | Engulfed by a cloud of freezing vapour

Skill      XL: |  1  2  3  4  5  6  7 |
---------------+----------------------+-----
Unarmed Combat | 4 5 6 7 |  7.9
Stealth        | 1 5 |  5.0
Fighting       | |  3.0
Dodging        | |  2.3

Action                   |  1- 3 |  4- 6 |  7- 9 || total
-------------------------+-------+-------+-------++-------
Melee: Unarmed           |    65 |    83 |    67 ||   215
       Tentacles         |    15 |    17 |    13 ||    45
       Constrict         |    16 |    23 |    16 ||    55
       Punch             |     1 |     3 |     5 ||     9
  Use: Potion            |       |     3 |     2 ||     5
       Scroll            |       |     4 |       ||     4
 Stab: Sleeping          |     7 |    13 |     6 ||    26
       Distracted        |       |     1 |       ||     1
  Eat: Chunk             |     2 |     3 |     5 ||    10
Armor: Skin              |     6 |     6 |     5 ||    17
Dodge: Dodged            |    25 |    35 |    35 ||    95
